 Dungeon Crawl Stone Soup version 0.27-a0-156-gbcd94eb011 (webtiles) character file.

Game seed: 3187307133117896613

273 knot the Chopper (level 6, 51/51 HPs)
             Began as a Demonspawn Berserker on Jan 27, 2021.
             Was a Priest of Trog.
             Quit the game on level 4 of the Dungeon.
             The game lasted 00:03:16 (2956 turns).

knot the Chopper (Demonspawn Berserker)             Turns: 2956, Time: 00:03:17

Health: 51/51      AC:  8    Str: 15 (17) XL:     6   Next: 3%
Magic:  6/6        EV: 11    Int: 11      God:    Trog [***...]
Gold:   220        SH:  0    Dex: 12      Spells: 5/5 levels left

rFire    . . .     SeeInvis .   d - +5 war axe
rCold    . . .     Faith    .   (no shield)
rNeg     . . .     Spirit   .   k - +2 ring mail {Will+}
rPois    .         Reflect  .   (no helmet)
rElec    .         Harm     .   f - +0 cloak
rCorr    .         Rampage  .   (no gloves)
Will     +....                  (no boots)
Stlth    +.........             a - amulet of regeneration
HPRegen  0.97/turn              (no ring)
MPRegen  0.20/turn              (no ring)

@: no status effects
A: regeneration 1, robust 1, magic regeneration, demonic magic 1
a: Renounce Religion, Berserk, Trog's Hand


You were on level 4 of the Dungeon.
You worshipped Trog.
Trog was most pleased with you.
You visited 1 branch of the dungeon, and saw 4 of its levels.

You collected 220 gold pieces.

Inventory:

Hand Weapons
 d - a +5 war axe (weapon)
Missiles
 h - 140 stones
Armour
 b - a +2 leather armour of willpower
 f - a +0 cloak (worn)
 k - a +2 ring mail of willpower (worn)
Jewellery
 a - an amulet of regeneration (around neck)
Scrolls
 c - 2 scrolls of amnesia
 g - 5 scrolls of remove curse
 j - a scroll of identify
 m - a scroll of teleportation
Potions
 i - a potion of curing {unknown}
 l - a potion of heal wounds
 o - a potion of flight {unknown}


   Skills:
 - Level 3.0 Fighting
 + Level 6.2 Axes
 - Level 1.7 Armour
 - Level 1.7 Dodging


You had 5 spell levels left.
You didn't know any spells.
Your spell library contained the following spells:

 Spells                   Type           Power        Failure   Level
 Animate Skeleton         Necr           0%           56%         1
 Pain                     Necr           0%           56%         1
 Vampiric Draining        Necr           0%           90%         3
 Animate Dead             Necr           0%           100%        4
 Agony                    Necr           0%           100%        5


Dungeon Overview and Level Annotations

Branches:
Dungeon (4/15)
 Temple: D:4-7

Altars:
Gozag
Kikubaaqudgha
Nemelex Xobeh
Yredelemnul


Innate Abilities, Weirdness & Mutations

You regenerate magic rapidly.
Spells you cast may paralyse adjacent enemies.
Your natural rate of healing is unusually fast.
You are robust. (+10% HP)


Message History

There is a stone staircase leading down here.
You now have 220 gold pieces (gained 8).
An adder comes into view.
The adder hisses angrily.
The adder bites you but does no damage. x2
Found an encrusted copper wand.
An adder is nearby!
You closely miss the adder. The adder bites you.
You barely miss the adder. The adder bites you but does no damage.
The adder closely misses you.
You slash the adder!
You kill the adder!
Trog accepts your kill.
You have reached level 6!
Your experience leads to an increase in your attributes!
Your base attributes are Str 17, Int 10, Dex 12.
Increase (S)trength, (I)ntelligence, or (D)exterity?
You feel clever.
Your demonic ancestry asserts itself...
A menacing aura infuses your magic.
Are you sure you want to abandon this character and quit the game? (Confirm with "yes".)

#.#########....)..#..##
#...............###..##
#.########............†
#.#.....).......#<##.##
#.#.###.........#....#
### #...............##
##....#.....).....
#/###....########.###
#..†@................
##.........######.#..
#........<# #.#..
#.........# #.# .
#########.# #.# . #.#
#.# #.# #.# #.. .. ###


There were no monsters in sight!

Vanquished Creatures
  An ogre (D:4)
  A bullfrog (D:3)
  A howler monkey skeleton (D:4)
  3 adders
  2 worms
  4 dart slugs
  4 leopard geckos
  3 orcs (D:3)
  4 giant cockroaches
  14 goblins
  8 hobgoblins
  4 jackals (D:4)
  8 kobolds
  2 ball pythons
  3 bats (D:3)
  4 frilled lizards
  A giant cockroach zombie (D:3)
  A leopard gecko skeleton (D:4)
  5 rats
73 creatures vanquished.

Notes
Turn   | Place    | Note
-------+----------+-------------------------------------------
     0 | D:1      | knot the Demonspawn Berserker began the quest for the Orb.
     0 | D:1      | Reached XP level 1. HP: 18/18 MP: 1/1
   219 | D:1      | Reached skill level 3 in Axes
   405 | D:1      | Gained mutation: You regenerate magic rapidly. [demonic
                  | ancestry]
   405 | D:1      | Reached XP level 2. HP: 19/24 MP: 2/2
  1281 | D:2      | Reached XP level 3. HP: 29/29 MP: 3/3
  1290 | D:2      | Reached skill level 4 in Axes
  1362 | D:2      | Reached ** piety under Trog
  2009 | D:3      | Noticed a bullfrog
  2018 | D:3      | Killed a bullfrog
  2019 | D:3      | Reached skill level 5 in Axes
  2019 | D:3      | Reached XP level 4. HP: 30/35 MP: 4/4
  2031 | D:3      | Gained mutation: You are robust. (+10% HP) [potion of
                  | mutation]
  2031 | D:3      | Gained mutation: Your natural rate of healing is unusually
                  | fast. [potion of mutation]
  2088 | D:3      | Reached XP level 5. HP: 45/45 MP: 5/5
  2471 | D:3      | Found an opulent altar of Gozag.
  2486 | D:3      | Found a basalt altar of Yredelemnul.
  2717 | D:3      | Reached *** piety under Trog
  2745 | D:3      | Found a sparkling altar of Nemelex Xobeh.
  2758 | D:3      | Found an ancient bone altar of Kikubaaqudgha.
  2847 | D:4      | Noticed an ogre
  2851 | D:4      | Killed an ogre
  2852 | D:4      | Reached skill level 6 in Axes
  2956 | D:4      | Gained mutation: Spells you cast may paralyse adjacent
                  | enemies. [demonic ancestry]
  2956 | D:4      | Reached XP level 6. HP: 51/51 MP: 6/6
  2956 | D:4      | Quit the game

Illustrated notes

Levels and vault maps discovered:
D:1:      amcnicky_arrival_blooded_trapdoor, layout_basic,
          minmay_misc_feat_four_crosses
D:2:      layout_basic, grunt_ministairs_10, lemuel_old_faithful
D:3:      cheibrodos_greedy_goblins, layout_basic,
          nicolae_overflow_quartered_altars
D:4:      corexii_shantytown, layout_basic, kennysheep_mini, roderic_batcave

Skill      XL: |  1  2  3  4  5 |
---------------+----------------+-----
Axes           | 3 5 6 |  6.2
Fighting       | |  3.0
Armour         | |  1.7
Dodging        | |  1.7

Action                   |  1- 3 |  4- 6 || total
-------------------------+-------+-------++-------
Melee: Hand axe          |   136 |    11 ||   147
       War axe           |       |    77 ||    77
Invok: Berserk           |     1 |     1 ||     2
  Use: Potion            |       |     4 ||     4
       Scroll            |       |     6 ||     6
Armor: Ring mail         |    43 |    41 ||    84
       Animal skin       |     2 |       ||     2
Dodge: Dodged            |    54 |    43 ||    97

Table legend: (Time is in decaauts)
 A = Elapsed time spent in this place.
 B = Non-inter-level travel time spent in this place.
 C = Inter-level travel time spent in this place.
 D = Time resting spent in this place.
 E = Time spent auto-exploring this place.
 F = Levels seen in this place.
 G = Mean time per level.
                   A        B        C        D        E       F      G
               +--------+--------+--------+--------+--------+-----+--------+
         Total |   2997 |   2793 |    204 |     51 |   2217 |   4 |  749.2 |
       Dungeon |   2997 |   2793 |    204 |     51 |   2217 |   4 |  749.2 |
               +--------+--------+--------+--------+--------+-----+--------+

Top non-repeatable levels by time:
     D:1: 1157 daAuts
     D:3: 961 daAuts
     D:2: 744 daAuts
     D:4: 134 daAuts
